TOP OF THE 1ST |
Springfield Shooters batting - Pitching for Mercer Island Screaming Eagles : RHP Marcos López
|
Pitching: RHP Marcos López
|
|
Batting: RHB Tom Potts
|
0-0: Ball 1-0: Ball 2-0: Ball 3-0: Called Strike 3-1: Fly out, F7 (Flyball, 78M)
|
Batting: SHB Adrián Pueblo
|
0-0: Fly out, F7 (Flyball, 78M)
|
Batting: SHB Jared Jefferson
|
0-0: Ball 1-0: Ball 2-0: Ball 3-0: Called Strike 3-1: Fly out, F7 (Flyball, 7LM)
|
Top of the 1st over - 0 run(s), 0 hit(s), 0 error(s), 0 left on base; Springfield 0 - Mercer Island 0 |
BOTTOM OF THE 1ST |
Mercer Island Screaming Eagles batting - Pitching for Springfield Shooters : LHP Hank Downey
|
Pitching: LHP Hank Downey
|
|
Batting: LHB Mike Russell
|
0-0: Called Strike 0-1: Ball 1-1: Swinging Strike 1-2: Foul Ball, location: 2F 1-2: Ball 2-2: Ball 3-2: Fly out, F4 (Popup, 34D)
|
Batting: RHB Luis Jiménez
|
0-0: Swinging Strike 0-1: Called Strike 0-2: Ball 1-2: Strikes out swinging
|
Batting: RHB Luis Antonio Hernández
|
0-0: Foul Ball, location: 2F 0-1: SOLO HOME RUN (Flyball, 7D), Distance : 388 ft
|
Pitching: RHP Jim Unknown
|
|
Batting: LHB Nelson Plasenia
|
0-0: Foul Ball, location: 2F 0-1: Ball 1-1: Ball 2-1: Called Strike 2-2: Fly out, F7 (Flyball, 7M)
|
Bottom of the 1st over - 1 run(s), 1 hit(s), 0 error(s), 0 left on base; Springfield 0 - Mercer Island 1 |
TOP OF THE 2ND |
Springfield Shooters batting - Pitching for Mercer Island Screaming Eagles : RHP Marcos López
|
Batting: RHB Randy Galloway
|
0-0: Ball 1-0: Ball 2-0: Ball 3-0: Base on Balls
|
Batting: RHB Jim Unknown
|
0-0: Foul Ball, location: 2F 0-1: Fly out, F7 (Flyball, 7M)
|
Batting: RHB Jim Unknown
|
0-0: Fly out, F6 (Popup, 6D)
|
Batting: RHB Jim Unknown
|
0-0: Called Strike 0-1: Ball 1-1: SINGLE (Groundball, 4MD) Randy Galloway to second
|
Batting: LHB Jim Unknown
|
0-0: Ball 1-0: Fly out, F6 (Popup, 6S)
|
Top of the 2nd over - 0 run(s), 1 hit(s), 0 error(s), 2 left on base; Springfield 0 - Mercer Island 1 |
BOTTOM OF THE 2ND |
Mercer Island Screaming Eagles batting - Pitching for Springfield Shooters : RHP Jim Unknown
|
Batting: SHB Ray Davis
|
0-0: Ball 1-0: Swinging Strike 1-1: Called Strike 1-2: Strikes out swinging
|
Batting: LHB John Boone
|
0-0: Called Strike 0-1: Ball 1-1: Ball 2-1: Foul Ball, location: 2F 2-2: Strikes out swinging
|
Batting: LHB Gustavo Cortéz
|
Single, Error in OF, E9, batter to second base
|
Batting: RHB Luis Rodríguez
|
0-0: Ball 1-0: Ground out 6-3 (Groundball, 6M)
|
Bottom of the 2nd over - 0 run(s), 1 hit(s), 1 error(s), 1 left on base; Springfield 0 - Mercer Island 1 |
TOP OF THE 3RD |
Springfield Shooters batting - Pitching for Mercer Island Screaming Eagles : RHP Marcos López
|
Batting: RHB Jim Unknown
|
0-0: Swinging Strike 0-1: Ball 1-1: Ground out 5-3 (Groundball, 56)
|
Batting: RHB Tom Potts
|
0-0: Called Strike 0-1: Swinging Strike 0-2: Foul Ball, location: 2F 0-2: Ball 1-2: Strikes out swinging
|
Batting: SHB Adrián Pueblo
|
0-0: Ball 1-0: Foul Ball, location: 2F 1-1: Ball 2-1: Called Strike 2-2: DOUBLE (Flyball, 78D)
|
Batting: SHB Jared Jefferson
|
0-0: Swinging Strike 0-1: Foul Ball, location: 2F 0-2: Foul Ball, location: 2F 0-2: Ball Wild Pitch! Adrián Pueblo to third 1-2: Ball 2-2: Ground out 4-3 (Groundball, 4)
|
Top of the 3rd over - 0 run(s), 1 hit(s), 0 error(s), 1 left on base; Springfield 0 - Mercer Island 1 |
BOTTOM OF THE 3RD |
Mercer Island Screaming Eagles batting - Pitching for Springfield Shooters : RHP Jim Unknown
|
Batting: SHB Mauro López
|
0-0: Called Strike 0-1: Ball 1-1: Ground out 5-3 (Groundball, 56)
|
Batting: LHB Mike Russell
|
0-0: Ball 1-0: Called Strike 1-1: Ball 2-1: Called Strike 2-2: Foul Ball, location: 2F 2-2: Ground out 4-3 (Groundball, 4)
|
Batting: RHB Luis Jiménez
|
0-0: Foul Ball, location: 2F 0-1: Swinging Strike 0-2: Foul Ball, location: 2F 0-2: Ground out 6-3 (Groundball, 6M)
|
Bottom of the 3rd over - 0 run(s), 0 hit(s), 0 error(s), 0 left on base; Springfield 0 - Mercer Island 1 |
TOP OF THE 4TH |
Springfield Shooters batting - Pitching for Mercer Island Screaming Eagles : RHP Marcos López
|
Batting: RHB Randy Galloway
|
0-0: Foul Ball, location: 2F 0-1: SINGLE (Line Drive, 5D)
|
Batting: RHB Jim Unknown
|
0-0: Ball 1-0: Ball 2-0: Ball 3-0: Called Strike 3-1: Base on Balls Randy Galloway to second
|
Batting: RHB Jim Unknown
|
0-0: Ball 1-0: Ball 2-0: Ball 3-0: Called Strike 3-1: Called Strike 3-2: Base on Balls Randy Galloway to third Jim Unknown to second
|
Batting: RHB Jim Unknown
|
0-0: Called Strike 0-1: Swinging Strike 0-2: Foul Ball, location: 2F 0-2: Ball 1-2: Foul Ball, location: 2F 1-2: Foul Ball, location: 2F 1-2: Strikes out swinging
|
Batting: LHB Jim Unknown
|
0-0: Ball 1-0: Ball 2-0: Ball 3-0: Called Strike 3-1: Foul Ball, location: 2F 3-2: SINGLE (Line Drive, 34D) Randy Galloway scores Jim Unknown to third Jim Unknown to second Runner from 3rd tries for Home, SAFE, no throw or cutoff
|
Batting: RHB Jim Unknown
|
0-0: Ball Jim Unknown is caught stealing 3rd base Jim Unknown to second 1-0: Ball 2-0: Called Strike 2-1: Ball 3-1: SINGLE (Popup, 8RS) Jim Unknown to third Runner from 3rd tries for Home, SAFE, no throw or cutoff
|
Batting: RHB Tom Potts
|
0-0: Ball 1-0: Ball 2-0: Called Strike 2-1: Called Strike 2-2: Ground out 5-3 (Groundball, 5)
|
Top of the 4th over - 3 run(s), 3 hit(s), 0 error(s), 1 left on base; Springfield 3 - Mercer Island 1 |
BOTTOM OF THE 4TH |
Mercer Island Screaming Eagles batting - Pitching for Springfield Shooters : RHP Jim Unknown
|
Batting: RHB Luis Antonio Hernández
|
0-0: Called Strike 0-1: Ball 1-1: Called Strike 1-2: Strikes out looking
|
Batting: LHB Nelson Plasenia
|
0-0: Ball 1-0: Fly out, F6 (Popup, 5D)
|
Batting: SHB Ray Davis
|
0-0: Called Strike 0-1: Ground out U3 (Groundball, 3)
|
Bottom of the 4th over - 0 run(s), 0 hit(s), 0 error(s), 0 left on base; Springfield 3 - Mercer Island 1 |
TOP OF THE 5TH |
Springfield Shooters batting - Pitching for Mercer Island Screaming Eagles : RHP Marcos López
|
Batting: SHB Adrián Pueblo
|
0-0: Ball 1-0: Ground out 6-3 (Groundball, 6M)
|
Batting: SHB Jared Jefferson
|
0-0: Foul Ball, location: 2F 0-1: Ball 1-1: Ground out 4-3 (Groundball, 34)
|
Batting: RHB Randy Galloway
|
0-0: Ball 1-0: Swinging Strike 1-1: Fly out, F9 (Flyball, 89S)
|
Top of the 5th over - 0 run(s), 0 hit(s), 0 error(s), 0 left on base; Springfield 3 - Mercer Island 1 |
BOTTOM OF THE 5TH |
Mercer Island Screaming Eagles batting - Pitching for Springfield Shooters : RHP Jim Unknown
|
Batting: LHB John Boone
|
0-0: Ball 1-0: Foul Ball, location: 2F 1-1: Ball 2-1: Foul Ball, location: 2F 2-2: Fly out, F7 (Flyball, 7M)
|
Batting: LHB Gustavo Cortéz
|
0-0: Ball 1-0: Swinging Strike 1-1: Ball 2-1: Swinging Strike 2-2: Strikes out swinging
|
Batting: RHB Luis Rodríguez
|
0-0: Foul Ball, location: 2F 0-1: Called Strike 0-2: Ball 1-2: Ball 2-2: Foul Ball, location: 2F 2-2: Ball 3-2: DOUBLE (Line Drive, 78M)
|
Batting: SHB Mauro López
|
0-0: Ball 1-0: Called Strike 1-1: Ball 2-1: Called Strike 2-2: Ground out 6-3 (Groundball, 6M)
|
Bottom of the 5th over - 0 run(s), 1 hit(s), 0 error(s), 1 left on base; Springfield 3 - Mercer Island 1 |
TOP OF THE 6TH |
Springfield Shooters batting - Pitching for Mercer Island Screaming Eagles : RHP Marcos López
|
Batting: RHB Jim Unknown
|
Error on foul ball, E2 0-1: Foul Ball, location: 2F 0-2: Foul Ball, location: 2F 0-2: Foul Ball, location: 2F 0-2: SINGLE (Groundball, 13S) (infield hit)
|
Batting: RHB Jim Unknown
|
0-0: Called Strike 0-1: Bunted foul 0-2: Ball 1-2: Foul Ball, location: 2F 1-2: Strikes out swinging
|
Pitching: LHP Miguel Mora
|
|
Batting: RHB Jim Unknown
|
0-0: Ball Jim Unknown steals 2nd base 1-0: Intentional Walk
|
Batting: LHB Jim Unknown
|
0-0: Called Strike 0-1: Fielders Choice at 2nd, 6-4 (Groundball, 6) Jim Unknown to third
|
Batting: RHB Jim Unknown
|
0-0: Ground out 1-3 (Groundball, 13)
|
Top of the 6th over - 0 run(s), 1 hit(s), 1 error(s), 2 left on base; Springfield 3 - Mercer Island 1 |
BOTTOM OF THE 6TH |
Mercer Island Screaming Eagles batting - Pitching for Springfield Shooters : RHP Jim Unknown
|
Batting: LHB Mike Russell
|
0-0: Ball 1-0: Foul Ball, location: 2F 1-1: Fly out, F7 (Line Drive, 7S)
|
Batting: RHB Luis Jiménez
|
0-0: Ball 1-0: Foul Ball, location: 2F 1-1: Ball 2-1: Called Strike 2-2: Strikes out swinging
|
Batting: RHB Luis Antonio Hernández
|
0-0: Called Strike 0-1: Ground out 6-3 (Groundball, 6)
|
Bottom of the 6th over - 0 run(s), 0 hit(s), 0 error(s), 0 left on base; Springfield 3 - Mercer Island 1 |
TOP OF THE 7TH |
Springfield Shooters batting - Pitching for Mercer Island Screaming Eagles : LHP Miguel Mora
|
Batting: RHB Tom Potts
|
0-0: Fly out, F9 (Flyball, 9M)
|
Batting: SHB Adrián Pueblo
|
0-0: Swinging Strike 0-1: Ball 1-1: Swinging Strike 1-2: Foul Ball, location: 2F 1-2: Strikes out swinging
|
Batting: SHB Jared Jefferson
|
0-0: Ball 1-0: Called Strike 1-1: Foul Ball, location: 2F 1-2: Ball 2-2: Foul Ball, location: 2F 2-2: Ball 3-2: Strikes out swinging
|
Top of the 7th over - 0 run(s), 0 hit(s), 0 error(s), 0 left on base; Springfield 3 - Mercer Island 1 |
BOTTOM OF THE 7TH |
Mercer Island Screaming Eagles batting - Pitching for Springfield Shooters : RHP Jim Unknown
|
Batting: LHB Nelson Plasenia
|
0-0: SINGLE (Groundball, 56D) (infield hit)
|
Batting: SHB Ray Davis
|
0-0: DOUBLE (Flyball, 89M) Nelson Plasenia to third
|
Batting: LHB John Boone
|
0-0: Called Strike 0-1: Ball 1-1: Ball 2-1: Foul Ball, location: 2F 2-2: Ball 3-2: Foul Ball, location: 2F 3-2: DOUBLE (Groundball, 3L) Nelson Plasenia scores Ray Davis scores
|
Pitching: LHP Jim Unknown
|
|
Batting: LHB Gustavo Cortéz
|
0-0: Ball 1-0: Foul Ball, location: 2F 1-1: Swinging Strike 1-2: Ground out 6-3 (Groundball, 56)
|
Batting: RHB Luis Rodríguez
|
0-0: Fly out, F9 (Flyball, 89M)
|
Batting: SHB Mauro López
|
0-0: Ball 1-0: Called Strike 1-1: Ball 2-1: Foul Ball, location: 2F 2-2: Fly out, F9 (Flyball, 9M)
|
Bottom of the 7th over - 2 run(s), 3 hit(s), 0 error(s), 1 left on base; Springfield 3 - Mercer Island 3 |
TOP OF THE 8TH |
Springfield Shooters batting - Pitching for Mercer Island Screaming Eagles : LHP Miguel Mora
|
Batting: RHB Randy Galloway
|
0-0: Fly out, F6 (Line Drive, 56)
|
Pinch Hitting: RHB Jim Unknown
|
0-0: Ball 1-0: Called Strike 1-1: Foul Ball, location: 2F 1-2: Ball 2-2: Ball 3-2: Strikes out swinging
|
Batting: RHB Jim Unknown
|
0-0: Swinging Strike 0-1: Swinging Strike 0-2: Strikes out looking
|
Top of the 8th over - 0 run(s), 0 hit(s), 0 error(s), 0 left on base; Springfield 3 - Mercer Island 3 |
BOTTOM OF THE 8TH |
Mercer Island Screaming Eagles batting - Pitching for Springfield Shooters : LHP Jim Unknown
|
Now at 2B: Jim Unknown
|
|
Pinch Hitting: RHB P.J. O'Keefe
|
0-0: Ball 1-0: Called Strike 1-1: Foul Ball, location: 2F 1-2: Foul Ball, location: 2F 1-2: Foul Ball, location: 2F 1-2: Ball 2-2: Ball 3-2: Foul Ball, location: 2F 3-2: Ground out 5-3 (Groundball, 56S)
|
Batting: RHB Luis Jiménez
|
0-0: Called Strike 0-1: Called Strike 0-2: Strikes out looking
|
Batting: RHB Luis Antonio Hernández
|
0-0: Ground out 6-3 (Groundball, 6)
|
Bottom of the 8th over - 0 run(s), 0 hit(s), 0 error(s), 0 left on base; Springfield 3 - Mercer Island 3 |
TOP OF THE 9TH |
Springfield Shooters batting - Pitching for Mercer Island Screaming Eagles : LHP Miguel Mora
|
Pitching: LHP Jim Unknown
|
|
Now at 2B: P.J. O'Keefe
|
|
Batting: RHB Jim Unknown
|
0-0: Ball 1-0: Called Strike 1-1: Called Strike 1-2: Ball 2-2: Foul Ball, location: 2F 2-2: Fly out, F8 (Flyball, 8LS)
|
Batting: LHB Jim Unknown
|
0-0: Ball 1-0: Called Strike 1-1: Foul Ball, location: 2F 1-2: Foul Ball, location: 2F 1-2: Ball 2-2: Strikes out looking
|
Batting: RHB Jim Unknown
|
0-0: Ball 1-0: Foul Ball, location: 2F 1-1: Ball 2-1: Called Strike 2-2: Ball 3-2: Strikes out swinging
|
Top of the 9th over - 0 run(s), 0 hit(s), 0 error(s), 0 left on base; Springfield 3 - Mercer Island 3 |
BOTTOM OF THE 9TH |
Mercer Island Screaming Eagles batting - Pitching for Springfield Shooters : LHP Jim Unknown
|
Pitching: LHP Jim Unknown
|
|
Pinch Hitting: RHB Kyle Bridges
|
0-0: Called Strike 0-1: Ball 1-1: Ball 2-1: Called Strike 2-2: Ball 3-2: Foul Ball, location: 2F 3-2: SINGLE (Line Drive, 56)
|
Batting: SHB Ray Davis
|
0-0: Ball 1-0: Ball 2-0: Ball 3-0: Foul Ball, location: 2F 3-1: Base on Balls Kyle Bridges to second
|
Batting: LHB John Boone
|
0-0: Foul Ball, location: 2F 0-1: Swinging Strike 0-2: Ball 1-2: Strikes out looking
|
Pinch Hitting: LHB Tom Smith
|
0-0: Ball 1-0: Fly out, F7 (Flyball, 7LSF)
|
Batting: RHB Luis Rodríguez
|
0-0: Called Strike 0-1: Ball 1-1: Fly out, F3 (Popup, 23)
|
Bottom of the 9th over - 0 run(s), 1 hit(s), 0 error(s), 2 left on base; Springfield 3 - Mercer Island 3 |
TOP OF THE 10TH |
Springfield Shooters batting - Pitching for Mercer Island Screaming Eagles : LHP Jim Unknown
|
Now at C: Kyle Bridges
|
|
Now at 3B: Luis Costello
|
|
Batting: RHB Tom Potts
|
0-0: Ball 1-0: Ball 2-0: Ground out 1-3 (Groundball, 15)
|
Batting: SHB Adrián Pueblo
|
0-0: Called Strike 0-1: Foul Ball, location: 2F 0-2: Ball 1-2: Foul Ball, location: 2F 1-2: Ball 2-2: Foul Ball, location: 2F 2-2: Ball 3-2: Strikes out looking
|
Batting: SHB Jared Jefferson
|
0-0: Called Strike 0-1: Foul Ball, location: 2F 0-2: Strikes out looking
|
Top of the 10th over - 0 run(s), 0 hit(s), 0 error(s), 0 left on base; Springfield 3 - Mercer Island 3 |
BOTTOM OF THE 10TH |
Mercer Island Screaming Eagles batting - Pitching for Springfield Shooters : LHP Jim Unknown
|
Batting: SHB Mauro López
|
0-0: Ball 1-0: Foul Ball, location: 2F 1-1: Ball 2-1: Ball 3-1: Fly out, F4 (Line Drive, 4M)
|
Batting: RHB P.J. O'Keefe
|
0-0: Fly out, F9 (Flyball, 8RM)
|
Batting: RHB Luis Jiménez
|
0-0: Called Strike 0-1: SINGLE (Groundball, 56D)
|
Batting: RHB Luis Antonio Hernández
|
0-0: Called Strike 0-1: Fly out, F8 (Line Drive, 8LS)
|
Bottom of the 10th over - 0 run(s), 1 hit(s), 0 error(s), 1 left on base; Springfield 3 - Mercer Island 3 |
TOP OF THE 11TH |
Springfield Shooters batting - Pitching for Mercer Island Screaming Eagles : LHP Jim Unknown
|
Pitching: RHP José Contreras
|
|
Batting: RHB Randy Galloway
|
0-0: Swinging Strike 0-1: Foul Ball, location: 2F 0-2: Foul Ball, location: 2F 0-2: Ball 1-2: Ground out 6-3 (Groundball, 56)
|
Batting: RHB Jim Unknown
|
0-0: Called Strike 0-1: SINGLE (Groundball, 3D)
|
Batting: RHB Jim Unknown
|
0-0: Ball 1-0: Called Strike 1-1: Swinging Strike 1-2: Ball 2-2: Ball 3-2: SINGLE (Line Drive, 56) Jim Unknown to second
|
Batting: RHB Jim Unknown
|
0-0: Foul Ball, location: 2F 0-1: Ball 1-1: SINGLE (Flyball, 6MD) Jim Unknown to third Jim Unknown to second Runner from 3rd tries for Home, SAFE, no throw or cutoff
|
Pinch Hitting: LHB Jim Unknown
|
0-0: Ball 1-0: Called Strike 1-1: Fly out, F7 (Flyball, 7LSF)
|
Batting: RHB Jim Unknown
|
0-0: Ball 1-0: Ground out 5-3 (Groundball, 5)
|
Top of the 11th over - 1 run(s), 3 hit(s), 0 error(s), 2 left on base; Springfield 4 - Mercer Island 3 |
BOTTOM OF THE 11TH |
Mercer Island Screaming Eagles batting - Pitching for Springfield Shooters : LHP Jim Unknown
|
Pitching: RHP Jim Unknown
|
|
Now in RF: Jim Unknown
|
|
Batting: RHB Kyle Bridges
|
0-0: Foul Ball, location: 2F 0-1: Foul Ball, location: 2F 0-2: Foul Ball, location: 2F 0-2: Ball 1-2: Strikes out swinging
|
Batting: SHB Ray Davis
|
0-0: Ball 1-0: SINGLE (Line Drive, 6M)
|
Batting: LHB John Boone
|
0-0: 2-RUN HOME RUN (Flyball, 9D), Distance : 377 ft
|
|